3A
PUT-IN-BAY BC @ IDAHO FALLS CHUKARS
08/30/2041
 
TOP OF THE 1ST
Put-In-Bay BC batting - Pitching for Idaho Falls Chukars : RHP Poom Saksansin
Pitching: RHP Poom Saksansin
Batting: RHB Roland Rankin 0-0: Ball
1-0: Fly out, F4 (Popup, 34S, EV 68.8 MPH)
Batting: SHB Héctor Solís 0-0: Swinging Strike
0-1: Called Strike
0-2: Ball
1-2: Strikes out swinging
Batting: RHB Alfred Howard Biggs 0-0: Fly out, F9 (Flyball, 9D, EV 105.0 MPH)
Top of the 1st over - 0 runs, 0 hits, 0 errors, 0 left on base; Put-In-Bay 0 - Idaho Falls 0
BOTTOM OF THE 1ST
Idaho Falls Chukars batting - Pitching for Put-In-Bay BC : LHP Thomas Canó
Pitching: LHP Thomas Canó
Batting: RHB Cor van Capelleveen 0-0: Ball
1-0: Ground out 4-3 (Groundball, 4, EV 79.4 MPH)
Batting: RHB Glenn Seals 0-0: Ball
1-0: Ball
2-0: SOLO HOME RUN (Flyball, 7D, EV 92.5 MPH), Distance : 408 ft
Batting: RHB Juan Neváres 0-0: Ball
1-0: Foul Ball, location: 2F
1-1: Foul Ball, location: 2F
1-2: DOUBLE (Line Drive, 3D, EV 103.1 MPH)
Batting: RHB Kazuki Takahashi 0-0: 2-RUN HOME RUN (Flyball, 7LD, EV 101.9 MPH), Distance : 359 ft
Batting: LHB Ricardo Águila 0-0: Foul Ball, location: 2F
0-1: Ground out 4-3 (Groundball, 4, EV 85.6 MPH)
Batting: SHB Gavin Okel 0-0: Fly out, F9 (Flyball, 89D, EV 105.6 MPH)
Bottom of the 1st over - 3 runs, 3 hits, 0 errors, 0 left on base; Put-In-Bay 0 - Idaho Falls 3
TOP OF THE 2ND
Put-In-Bay BC batting - Pitching for Idaho Falls Chukars : RHP Poom Saksansin
Pitching: LHP Donnie Ash
Batting: LHB Mies Lumme 0-0: Ball
1-0: Called Strike
1-1: Foul Ball, location: 2F
1-2: Foul Ball, location: 2F
1-2: Ball
2-2: Foul Ball, location: 2F
2-2: Foul Ball, location: 2F
2-2: Strikes out looking
Batting: RHB Chris P. Bacon 0-0: Called Strike
0-1: SINGLE (Line Drive, 7S, EV 108.8 MPH)
Batting: LHB Roberto Pacheco 0-0: Called Strike
Chris P. Bacon is caught stealing 2nd base 2-6
0-1: Ball
1-1: Foul Ball, location: 2F
1-2: Strikes out swinging
Top of the 2nd over - 0 runs, 1 hit, 0 errors, 0 left on base; Put-In-Bay 0 - Idaho Falls 3
BOTTOM OF THE 2ND
Idaho Falls Chukars batting - Pitching for Put-In-Bay BC : LHP Thomas Canó
Batting: RHB Ben Russell 0-0: Fly out, F4 (Popup, 34S, EV 71.2 MPH)
Batting: RHB Matt Fuller 0-0: Called Strike
0-1: Ball
1-1: Foul Ball, location: 2F
1-2: Strikes out swinging
Batting: RHB Alden Hall 0-0: Ball
1-0: Foul Ball, location: 2F
1-1: Foul Ball, location: 2F
1-2: Ball
2-2: Ball
3-2: Strikes out looking
Bottom of the 2nd over - 0 runs, 0 hits, 0 errors, 0 left on base; Put-In-Bay 0 - Idaho Falls 3
TOP OF THE 3RD
Put-In-Bay BC batting - Pitching for Idaho Falls Chukars : LHP Donnie Ash
Batting: RHB Raleigh Adams 0-0: Called Strike
0-1: Ball
1-1: Foul Ball, location: 2F
1-2: Strikes out swinging
Batting: RHB Bud Mullins 0-0: Ball
1-0: Swinging Strike
1-1: Swinging Strike
1-2: Strikes out looking
Batting: RHB Mark Mathews 0-0: Foul Ball, location: 2F
0-1: Foul Ball, location: 2F
0-2: Ball
1-2: Ground out 5-3 (Groundball, 5L, EV 80.0 MPH)
Top of the 3rd over - 0 runs, 0 hits, 0 errors, 0 left on base; Put-In-Bay 0 - Idaho Falls 3
BOTTOM OF THE 3RD
Idaho Falls Chukars batting - Pitching for Put-In-Bay BC : LHP Thomas Canó
Batting: RHB Cor van Capelleveen 0-0: Foul Ball, location: 2F
0-1: Ball
1-1: Fly out, F9 (Flyball, 9LMF, EV 81.9 MPH)
Batting: RHB Glenn Seals 0-0: Called Strike
0-1: Ball
1-1: Ground out 4-3 (Groundball, 4, EV 102.5 MPH)
Batting: RHB Juan Neváres 0-0: Ball
1-0: Called Strike
1-1: Ball
2-1: Ball
3-1: Base on Balls
Batting: RHB Kazuki Takahashi 0-0: Ball
1-0: Ball
2-0: 2-RUN HOME RUN (Flyball, 7LD, EV 95.0 MPH), Distance : 359 ft
Batting: LHB Ricardo Águila 0-0: Ball
1-0: SINGLE (Groundball, 4MD, EV 103.1 MPH)
Batting: SHB Gavin Okel 0-0: Ball
1-0: Foul Ball, location: 2F
1-1: Ball
2-1: Fly out, F8 (Flyball, 8LS, EV 90.6 MPH)
Bottom of the 3rd over - 2 runs, 2 hits, 0 errors, 1 left on base; Put-In-Bay 0 - Idaho Falls 5
TOP OF THE 4TH
Put-In-Bay BC batting - Pitching for Idaho Falls Chukars : LHP Donnie Ash
Batting: RHB Roland Rankin 0-0: Ball
1-0: Foul Ball, location: 2F
1-1: Swinging Strike
1-2: SINGLE (Line Drive, 78S, EV 91.2 MPH)
Batting: SHB Héctor Solís 0-0: Called Strike
Roland Rankin steals 2nd base
0-1: Ball
1-1: Swinging Strike
1-2: Foul Ball, location: 2F
1-2: SINGLE (Line Drive, 9S, EV 109.4 MPH)
Roland Rankin to third
Batting: RHB Alfred Howard Biggs 0-0: Called Strike
0-1: Swinging Strike
0-2: Strikes out swinging
Batting: LHB Mies Lumme 0-0: Ball
1-0: Ball
2-0: Fly out, F8 (Flyball, 8RXD, EV 100.6 MPH)
Runner from 3rd tags up, SCORES, no throw by CF
Batting: RHB Chris P. Bacon 0-0: Ball
1-0: Ball
2-0: Called Strike
2-1: Foul Ball, location: 2F
2-2: Hit by Pitch
Héctor Solís to second
Pitching: LHP Camillo Vialli
Batting: LHB Roberto Pacheco 0-0: Foul Ball, location: 2F
0-1: Called Strike
0-2: Ball
1-2: Ball
2-2: Strikes out swinging
Top of the 4th over - 1 run, 2 hits, 0 errors, 2 left on base; Put-In-Bay 1 - Idaho Falls 5
BOTTOM OF THE 4TH
Idaho Falls Chukars batting - Pitching for Put-In-Bay BC : LHP Thomas Canó
Batting: RHB Ben Russell 0-0: Swinging Strike
0-1: SINGLE (Groundball, 56D, EV 95.0 MPH)
Batting: RHB Matt Fuller 0-0: Foul Ball, location: 2F
0-1: Swinging Strike
0-2: Ball
1-2: Ball
2-2: Strikes out swinging
Batting: RHB Alden Hall 0-0: SINGLE (Groundball, 56D, EV 98.1 MPH)
Ben Russell to second
Batting: RHB Cor van Capelleveen 0-0: Foul Ball, location: 2F
0-1: Ball
1-1: Swinging Strike
1-2: Fielders Choice at 2nd, 1-4 (Groundball, 15S, EV 65.0 MPH)
Ben Russell to third
Batting: RHB Glenn Seals 0-0: Foul Ball, location: 2F
0-1: Foul Ball, location: 2F
0-2: Ball
1-2: Foul Ball, location: 2F
1-2: Foul Ball, location: 2F
1-2: Ball
2-2: Ball
3-2: Foul Ball, location: 2F
3-2: Base on Balls
Cor van Capelleveen to second
Batting: RHB Juan Neváres 0-0: Called Strike
0-1: Called Strike
0-2: DOUBLE (Line Drive, 9LM, EV 110.6 MPH)
Ben Russell scores
Cor van Capelleveen scores
Glenn Seals to third
Pitching: RHP Kimitada Shini
Batting: RHB Kazuki Takahashi 0-0: Ball
1-0: Ball
2-0: Ball
3-0: Base on Balls
Batting: LHB Ricardo Águila 0-0: Called Strike
0-1: Ball
1-1: Ground out 4-3 (Groundball, 4S, EV 90.6 MPH)
Bottom of the 4th over - 2 runs, 3 hits, 0 errors, 3 left on base; Put-In-Bay 1 - Idaho Falls 7
TOP OF THE 5TH
Put-In-Bay BC batting - Pitching for Idaho Falls Chukars : LHP Camillo Vialli
Batting: RHB Raleigh Adams 0-0: SINGLE (Flyball, 9LM, EV 101.9 MPH)
Batting: RHB Bud Mullins 0-0: Called Strike
0-1: Swinging Strike
0-2: Strikes out swinging
Batting: RHB Mark Mathews 0-0: Ball
1-0: Foul Ball, location: 2F
1-1: Ball
Wild Pitch!
Raleigh Adams to second
2-1: Foul Ball, location: 2F
2-2: Ball
3-2: Foul Ball, location: 2F
3-2: Base on Balls
Pitching: RHP Paul Thomas
Batting: RHB Roland Rankin 0-0: Called Strike
0-1: SINGLE (Groundball, 4MD, EV 103.1 MPH)
Raleigh Adams to third
Mark Mathews to second
Runner from 3rd tries for Home, SAFE, no throw by CF
Batting: SHB Héctor Solís 0-0: Ball
1-0: Foul Ball, location: 2F
1-1: Called Strike
1-2: Ball
2-2: Ball
3-2: SINGLE (Groundball, 6, EV 104.4 MPH) (infield hit)
Mark Mathews to third
Roland Rankin to second
Batting: RHB Alfred Howard Biggs 0-0: SINGLE (Line Drive, 9LS, EV 108.1 MPH)
Mark Mathews scores
Roland Rankin to third
Héctor Solís to second
Batting: LHB Mies Lumme 0-0: Ball
1-0: Called Strike
1-1: SINGLE (Groundball, 3D, EV 96.9 MPH)
Roland Rankin scores
Héctor Solís to third
Alfred Howard Biggs to second
Runner from 3rd tries for Home, SAFE, throw by RF to home
Batting: RHB Chris P. Bacon 0-0: Ball
1-0: Called Strike
1-1: Ball
2-1: Foul Ball, location: 2F
2-2: Foul Ball, location: 2F
2-2: Foul Ball, location: 2F
2-2: Foul Ball, location: 2F
2-2: Ball
3-2: Foul Ball, location: 2F
3-2: Foul Ball, location: 2F
3-2: Base on Balls
Alfred Howard Biggs to third
Mies Lumme to second
Batting: LHB Roberto Pacheco 0-0: Ball
1-0: Ball
2-0: Ball
3-0: Called Strike
3-1: Base on Balls
Alfred Howard Biggs scores
Mies Lumme to third
Chris P. Bacon to second
Batting: RHB Raleigh Adams 0-0: Foul Ball, location: 2F
0-1: Foul Ball, location: 2F
0-2: Fly out, F9 (Flyball, 89M, EV 81.9 MPH)
Runner from 3rd tags up, SCORES, throw by RF
Chris P. Bacon to third
Batting: RHB Bud Mullins 0-0: Foul Ball, location: 2F
0-1: Called Strike
0-2: Ball
1-2: Ball
2-2: Strikes out swinging
Top of the 5th over - 6 runs, 5 hits, 0 errors, 2 left on base; Put-In-Bay 7 - Idaho Falls 7
BOTTOM OF THE 5TH
Idaho Falls Chukars batting - Pitching for Put-In-Bay BC : RHP Kimitada Shini
Batting: SHB Gavin Okel 0-0: Fly out, F9 (Flyball, 9, EV 83.8 MPH)
Batting: RHB Ben Russell 0-0: Foul Ball, location: 2F
0-1: Fly out, F9 (Flyball, 9LS, EV 94.4 MPH)
Batting: RHB Matt Fuller 0-0: Ball
1-0: Called Strike
1-1: Fly out, F3 (Popup, 3S, EV 73.8 MPH)
Bottom of the 5th over - 0 runs, 0 hits, 0 errors, 0 left on base; Put-In-Bay 7 - Idaho Falls 7
TOP OF THE 6TH
Put-In-Bay BC batting - Pitching for Idaho Falls Chukars : RHP Paul Thomas
Batting: RHB Mark Mathews 0-0: Ball
1-0: Ball
2-0: Foul Ball, location: 2F
2-1: Foul Ball, location: 2F
2-2: Strikes out swinging
Batting: RHB Roland Rankin 0-0: Ball
1-0: SINGLE (Line Drive, 7S, EV 93.1 MPH)
Batting: SHB Héctor Solís 0-0: Ball
1-0: Ball
2-0: Swinging Strike
2-1: Foul Ball, location: 2F
2-2: Ball
3-2: Fly out, F5 (Popup, 56S, EV 76.2 MPH)
Batting: RHB Alfred Howard Biggs 0-0: Called Strike
0-1: Fly out, F7 (Line Drive, 7, EV 100.0 MPH)
Top of the 6th over - 0 runs, 1 hit, 0 errors, 1 left on base; Put-In-Bay 7 - Idaho Falls 7
BOTTOM OF THE 6TH
Idaho Falls Chukars batting - Pitching for Put-In-Bay BC : RHP Kimitada Shini
Batting: RHB Alden Hall 0-0: Called Strike
0-1: Ball
1-1: Foul Ball, location: 2F
1-2: Strikes out swinging
Batting: RHB Cor van Capelleveen 0-0: Ball
1-0: Ball
2-0: SINGLE (Groundball, 6, EV 80.0 MPH) (infield hit)
Batting: RHB Glenn Seals 0-0: Called Strike
0-1: Swinging Strike
0-2: Foul Ball, location: 2F
0-2: Foul Ball, location: 2F
0-2: Ball
1-2: Foul Ball, location: 2F
1-2: Ball
2-2: Fly out, F9 (Flyball, 9S, EV 89.4 MPH)
Batting: RHB Juan Neváres 0-0: Ball
1-0: Foul Ball, location: 2F
1-1: Swinging Strike
1-2: Strikes out swinging
Bottom of the 6th over - 0 runs, 1 hit, 0 errors, 1 left on base; Put-In-Bay 7 - Idaho Falls 7
TOP OF THE 7TH
Put-In-Bay BC batting - Pitching for Idaho Falls Chukars : RHP Paul Thomas
Batting: LHB Mies Lumme 0-0: Called Strike
0-1: Foul Ball, location: 2F
0-2: Foul Ball, location: 2F
0-2: Foul Ball, location: 2F
0-2: Ball
1-2: Foul Ball, location: 2F
1-2: Foul Ball, location: 2F
1-2: Strikes out swinging
Batting: RHB Chris P. Bacon 0-0: Foul Ball, location: 2F
0-1: Swinging Strike
0-2: Ball
1-2: Strikes out swinging
Pitching: RHP Miguel Bruno
Batting: LHB Roberto Pacheco 0-0: Ball
1-0: Ball
2-0: Fly out, F7 (Flyball, 7S, EV 89.4 MPH)
Top of the 7th over - 0 runs, 0 hits, 0 errors, 0 left on base; Put-In-Bay 7 - Idaho Falls 7
BOTTOM OF THE 7TH
Idaho Falls Chukars batting - Pitching for Put-In-Bay BC : RHP Kimitada Shini
Batting: RHB Kazuki Takahashi 0-0: Ball
1-0: Swinging Strike
1-1: Ball
2-1: Ball
3-1: Base on Balls
Batting: LHB Ricardo Águila 0-0: Ball
1-0: Foul Ball, location: 2F
1-1: Fly out, F4 (Popup, 34, EV 68.8 MPH)
Batting: SHB Gavin Okel 0-0: Called Strike
0-1: Swinging Strike
0-2: Ball
1-2: Ball
2-2: Strikes out swinging
Kazuki Takahashi steals 2nd base (no throw)
Batter strikes out.
Batting: RHB Ben Russell 0-0: Ball
1-0: Ball
2-0: Ball
3-0: Called Strike
3-1: Base on Balls
Batting: RHB Matt Fuller 0-0: Swinging Strike
0-1: Ball
1-1: Called Strike
1-2: Strikes out swinging
Bottom of the 7th over - 0 runs, 0 hits, 0 errors, 2 left on base; Put-In-Bay 7 - Idaho Falls 7
TOP OF THE 8TH
Put-In-Bay BC batting - Pitching for Idaho Falls Chukars : RHP Miguel Bruno
Batting: RHB Raleigh Adams 0-0: Fly out, F8 (Flyball, 89XD, EV 100.6 MPH)
Batting: RHB Bud Mullins 0-0: Called Strike
0-1: Fly out, F9 (Flyball, 89S, EV 76.2 MPH)
Batting: RHB Mark Mathews 0-0: Called Strike
0-1: Swinging Strike
0-2: Foul Ball, location: 2F
0-2: Strikes out looking
Top of the 8th over - 0 runs, 0 hits, 0 errors, 0 left on base; Put-In-Bay 7 - Idaho Falls 7
BOTTOM OF THE 8TH
Idaho Falls Chukars batting - Pitching for Put-In-Bay BC : RHP Kimitada Shini
Batting: RHB Alden Hall 0-0: Called Strike
0-1: Ball
1-1: Called Strike
1-2: Foul Ball, location: 2F
1-2: Strikes out swinging
Batting: RHB Cor van Capelleveen 0-0: Ball
1-0: Called Strike
1-1: Swinging Strike
1-2: Ball
2-2: Strikes out swinging
Pitching: RHP Dennis van Putten
Batting: RHB Glenn Seals 0-0: Called Strike
0-1: Called Strike
0-2: Strikes out swinging
Bottom of the 8th over - 0 runs, 0 hits, 0 errors, 0 left on base; Put-In-Bay 7 - Idaho Falls 7
TOP OF THE 9TH
Put-In-Bay BC batting - Pitching for Idaho Falls Chukars : RHP Miguel Bruno
Batting: RHB Roland Rankin 0-0: Called Strike
0-1: Ball
1-1: Fly out, F9 (Flyball, 9S, EV 91.2 MPH)
Batting: SHB Héctor Solís 0-0: Ball
1-0: Called Strike
1-1: Called Strike
1-2: Ball
2-2: SINGLE (Groundball, 4MD, EV 105.6 MPH)
Batting: RHB Alfred Howard Biggs 0-0: Ball
1-0: Foul Ball, location: 2F
1-1: Ball
Héctor Solís steals 2nd base
2-1: Ball
3-1: Fly out, F8 (Flyball, 8LD, EV 91.9 MPH)
Runner from 2nd tags up, SAFE at 3rd with throw by CF
Batting: LHB Mies Lumme 0-0: Swinging Strike
0-1: Ball
1-1: Foul Ball, location: 2F
1-2: Strikes out swinging
Top of the 9th over - 0 runs, 1 hit, 0 errors, 1 left on base; Put-In-Bay 7 - Idaho Falls 7
BOTTOM OF THE 9TH
Idaho Falls Chukars batting - Pitching for Put-In-Bay BC : RHP Dennis van Putten
Batting: RHB Juan Neváres 0-0: Fly out, F9 (Line Drive, 9, EV 92.5 MPH)
Batting: RHB Kazuki Takahashi 0-0: Called Strike
0-1: SINGLE (Groundball, 15, EV 73.1 MPH) (infield hit)
Batting: LHB Ricardo Águila 0-0: Ball
1-0: Ball
Kazuki Takahashi steals 2nd, throwing error, E2
Kazuki Takahashi to third
2-0: Intentional Walk
Pinch Hitting: LHB Josh Wiggins 0-0: Ball
1-0: Called Strike
1-1: Ball
2-1: Foul Ball, location: 2F
2-2: SINGLE (Groundball, 3, EV 81.2 MPH) (infield hit)
Kazuki Takahashi scores
GAME OVER ... IDAHO FALLS DEFEATS PUT
In-Bay, 8 to 7
Tuesday, January 5th, 2021 - OOTP Baseball 20.8 Build 74